 Dungeon Crawl Stone Soup version 0.21.0-3-g78d12a8 (webtiles) character file.

4 tidbits the Sneak (level 1, 0/7 HPs)
             Began as a Felid Air Elementalist on Jan 8, 2018.
             Slain by a hobgoblin (2 damage)
             ... on level 1 of the Dungeon.
             The game lasted 00:00:51 (114 turns).

tidbits the Sneak (Felid Air Elementalist)           Turns: 114, Time: 00:00:52

Health: 0/7        AC:  1    Str:  4    XL:     1   Next: 58%
Magic:  1/4        EV: 18    Int: 16    God:
Gold:   12         SH:  0    Dex: 16    Spells: 3/4 levels left
                                        Lives:  0   Deaths: 0

rFire    . . .     SeeInvis +   (weapon unavailable)
rCold    . . .     Gourm    .   (shield unavailable)
rNeg     . . .     Faith    .   (armour unavailable)
rPois    .         Spirit   .   (helmet unavailable)
rElec    .         Reflect  .   (cloak unavailable)
rCorr    .         Harm     .   (gloves unavailable)
MR       .....                  (boots unavailable)
Stlth    +++.......             (no amulet)
HPRegen  0.02/turn              (no ring)
MPRegen  0.09/turn              (no ring)

@: very slightly contaminated, quick
A: very small, no armour, no weapons or thrown items, stealth, claws 1, fangs 3,
see invisible, carnivore, speed 1, shaggy fur 1, slow metabolism 1, sharp paws
a: no special abilities


You were on level 1 of the Dungeon.
You were not hungry.

You visited 1 branch of the dungeon, and saw 1 of its levels.

You collected 12 gold pieces.

Inventory:

Scrolls
 c - a scroll of remove curse {unknown}
 d - a scroll of amnesia {unknown}
 f - a scroll of blinking {unknown}
Potions
 e - a potion of agility {unknown}
Books
 a - a book of Air

   Spells                             Type                      Level
   a - Shock                          Conjuration/Air              1
   b - Swiftness                      Charms/Air                   2
   c - Static Discharge               Conjuration/Air              3
   d - Airstrike                      Air                          4
   e - Lightning Bolt                 Conjuration/Air              5
Comestibles
 b - a ration


   Skills:
 - Level 2.6 Dodging
 + Level 3.1 Stealth
 + Level 0.7 Unarmed Combat
 - Level 2.0 Spellcasting
 - Level 0.8 Conjurations
 - Level 2.6 Air Magic


You had 3 spell levels left.
You knew the following spells:

 Your Spells              Type           Power        Failure   Level  Hunger
a - Shock                 Conj/Air       #...         10%         1    #......


Dungeon Overview and Level Annotations

Branches:
Dungeon (1/15)

Altars:


Innate Abilities, Weirdness & Mutations

You cannot wear armour.
You are incapable of wielding weapons or throwing items.
Your paws allow you to move quietly. (Stealth)
You have sharp claws.
You have razor-sharp teeth.
You have supernaturally acute eyesight. (SInv)
You are carnivorous and can eat meat at any time.
You cover ground quickly.
You are covered in fur. (AC +1)
You have a slow metabolism.
Your sharp claws are effective at attacking unaware monsters.


Message History

You scratch the kobold.
You kill the kobold!
Things that are here:
3 stones; a kobold corpse
Found a scroll labeled KISMU PUOCU.
A rat comes into view.
d - a scroll labeled KISMU PUOCU You closely miss the rat.
The rat closely misses you.
You closely miss the rat. The rat bites you.
Things that are here:
3 stones; a kobold corpse
Casting: Shock
Confirm with . or Enter, or press ? or * to list all spells.
Aiming: Shock
Press: ? - help, Shift-Dir - straight line The zap misses the rat. x2
Casting: Shock
Confirm with . or Enter, or press ? or * to list all spells.
Aiming: Shock
Press: ? - help, Shift-Dir - straight line The zap hits the rat.
You kill the rat!
You see here a rat corpse.
A giant cockroach comes into view.
Found a fuming blue potion.
You pounce on the unaware helpless giant cockroach!
You scratch the giant cockroach.
You kill the giant cockroach!
e - a fuming blue potion
Found 12 gold pieces and a scroll labeled WEOCIE SECHAEL.
You now have 12 gold pieces.
f - a scroll labeled WEOCIE SECHAEL A goblin comes into view.
It is wielding a club.
A kobold comes into view. It is wielding a short sword of venom.
The kobold shouts!
The goblin shouts!
You hear a shout!
The goblin completely misses you.
You scratch the goblin.
You kill the goblin!
Your Stealth skill increases to level 3!
Casting: Shock
Confirm with . or Enter, or press ? or * to list all spells.
Aiming: Shock
Press: ? - help, Shift-Dir - straight line The zap hits the kobold.
You kill the kobold!
Things that are here:
a short sword of venom; a kobold corpse A bat and a hobgoblin come into view.
Things that are here:
a club; a goblin corpse
Things that are here:
a short sword of venom; a kobold corpse
Casting: Shock
Confirm with . or Enter, or press ? or * to list all spells.
Aiming: Shock
Press: ? - help, Shift-Dir - straight line, f - hobgoblin
Aim: a hobgoblin The zap hits the hobgoblin.
The hobgoblin is lightly wounded.
Casting: Shock
Confirm with . or Enter, or press ? or * to list all spells.
Aiming: Shock
Press: ? - help, Shift-Dir - straight line, p - hobgoblin The zap hits the hobgoblin.
The hobgoblin is heavily wounded.
The zap hits the hobgoblin.
The hobgoblin appears unharmed.
The hobgoblin is heavily wounded.
Casting: Shock
Confirm with . or Enter, or press ? or * to list all spells.
Aiming: Shock
Press: ? - help, Shift-Dir - straight line The zap misses the hobgoblin. x2
Casting: Shock
Confirm with . or Enter, or press ? or * to list all spells.
Aiming: Shock
Press: ? - help, Shift-Dir - straight line You miscast Shock.
You are very lightly contaminated with residual magic.
Sparks fly from your paws! The hobgoblin closely misses you.
Casting: Shock
Confirm with . or Enter, or press ? or * to list all spells.
Okay, then.
You scratch the hobgoblin.
The hobgoblin is almost dead.
The hobgoblin closely misses you.
You barely miss the hobgoblin.
The hobgoblin is almost dead.
The hobgoblin barely misses you.
You scratch the hobgoblin but do no damage.
The hobgoblin is almost dead.
The hobgoblin hits you.
Ouch! That really hurt!
* * * LOW HITPOINT WARNING * * *
You barely miss the hobgoblin.
The hobgoblin is almost dead.
The hobgoblin barely misses you.
You barely miss the hobgoblin.
The hobgoblin is almost dead.
The hobgoblin hits you.
You die...

#.# #.#.## ##.##
#.#.......
##...#####.......
#..#..# .......
#.###.# .......
#..#..# .......
##...## .......
##.## ###.......
#@# #.. .g# #g#
#.# #.#
#.####.####.#
#.....g..)#.###...
######.##..)......
#........##.#
#........#
##.#.....#
#.##.#.##


You could see a hobgoblin.

Vanquished Creatures
  A giant cockroach (D:1)
  A goblin (D:1)
  2 kobolds (D:1)
  A rat (D:1)
5 creatures vanquished.

Notes
Turn   | Place    | Note
-------+----------+-------------------------------------------
     0 | D:1      | tidbits the Felid Air Elementalist began the quest for the Orb.
     0 | D:1      | Reached XP level 1. HP: 7/7 MP: 4/4
    84 | D:1      | Reached skill level 3 in Stealth
   114 | D:1      | Slain by a hobgoblin

Skill      XL: |  1 |
---------------+----+-----
Stealth        | 3 |  3.1
Dodging        | |  2.6
Unarmed Combat | |  0.7
Spellcasting   | |  2.0
Conjurations   | |  0.8
Air Magic      | |  2.6

Action                   || total
-------------------------++-------
Melee: Unarmed           ||    10
 Cast: Shock             ||     6
 Stab: Sleeping          ||     2
Dodge: Dodged            ||     6

Table legend:
 A = Turns spent in this place as a percentage of turns spent in the entire game.
 B = Non-inter-level travel turns spent in this place as a percentage of non-inter-level travel turns spent in the entire game.
 C = Inter-level travel turns spent in this place as a percentage of turns spent in this place.
 D = Turns resting spent in this place as a percentage of non-inter-level travel turns spent in this place.
 E = Turns spent auto-exploring this place as a percentage of non-inter-level travel turns spent in this place.
 F = Non-inter-level travel turns spent in this place divided by the number of levels of this place that you've seen.
                   A       B       C       D       E      F
               +-------+-------+-------+-------+-------+----------------------
         Total | 100.0 | 100.0 |   0.0 |   0.0 |   0.0 | 114.0
       Dungeon | 100.0 | 100.0 |   0.0 |   0.0 |   0.0 | 114.0
               +-------+-------+-------+-------+-------+----------------------

Table legend:
 A = Kills in this place as a percentage of kills in entire the game.
 B = Kills by you in this place as a percentage of kills by you in the entire game.
 C = Kills by friends in this place as a percentage of kills by friends in the entire game.
 D = Other kills in this place as a percentage of other kills in the entire game.
 E = Experience gained in this place as a percentage of experience gained in the entire game.
 F = Experience gained in this place divided by the number of levels of this place that you have seen.
                   A       B       C       D       E      F
               +-------+-------+-------+-------+-------+----------------------
         Total | 100.0 | 100.0 |   N/A |   N/A | 100.0 |   7.0
       Dungeon | 100.0 | 100.0 |   N/A |   N/A | 100.0 |   7.0
               +-------+-------+-------+-------+-------+----------------------

Vault maps used:
D:1:      minmay_arrival_up_and_down
